AoeStats
← Reis

Oasis

507055520Analyzed
4v4 RM · 16d ago on Sep 16, 2026· 29m 10s· 8 players
Game mode
Random Map
Map size
Large (8 player)
Population
200
Speed
Normal
Resources
Standard
Victory
Conquest
Starting age
Dark Age
Ending age
Imperial Age
RankedLock teamsTeams togetherTeam positionsShared explorationLock speedFull tech treeHidden civsTurbo modeCheats
Victory
Defeat
🇨🇳 Wei · China
1365
+13
🇨🇳 Koreans · China
1352
+14
🇨🇳 Shu · China
1342
+14
🇨🇳 Magyars · China
1291
+17
🇦🇺 Ethiopians · Australia
1311
-15
🇨🇭 Bulgarians · Switzerland
1307
-15
🇨🇳 Franks · China
1300
-14
🇹🇼 Maya · Taiwan
1292
-14
系色望捏
7:02 Loom
9:20 Feudal Age
10:03 Double-Bit Axe
10:38 Horse Collar
12:24 Town Watch
15:39 Bloodlines
18:45 Scale Barding Armor
19:06 Forging
22:56 Castle Age
21:09 Gold Mining
23:55 Bow Saw
23:45 Heavy Plow
23:07 Light Cavalry
23:47 Husbandry
24:08 Chain Barding Armor
不会进攻
10:01 Feudal Age
11:05 Double-Bit Axe
13:09 Bloodlines
18:26 Scale Barding Armor
21:01 Loom
24:24 Castle Age
22:14 Horse Collar
23:41 Gold Mining
24:30 Light Cavalry
25:11 Husbandry
26:11 Chain Barding Armor
30:18 Wheelbarrow
29:49 Heavy Plow
TonTonJu
6:01 Loom
9:16 Feudal Age
15:02 Fletching
17:19 Padded Archer Armor
17:14 Town Watch
24:03 Castle Age
22:28 Double-Bit Axe
22:25 Horse Collar
23:44 Gold Mining
24:06 Crossbowman
24:42 Bodkin Arrow
26:54 Leather Archer Armor
28:20 Ballistics
chase kong
5:08 Loom
9:15 Feudal Age
13:14 Wheelbarrow
12:24 Town Watch
22:40 Fletching
29:02 Castle Age
yes my lord
0:35 Loom
10:28 Feudal Age
11:33 Double-Bit Axe
15:32 Fletching
16:08 Padded Archer Armor
22:30 Town Watch
Reis
10:36 Feudal Age
12:40 Loom
15:36 Castle Age
14:52 Scale Barding Armor
20:37 Fletching
23:35 Bodkin Arrow
Vinkz
7:03 Loom
7:09 Loom
10:06 Feudal Age
12:27 Double-Bit Axe
18:31 Fletching
老牌休闲玩家
6:20 Loom
10:19 Feudal Age
14:40 Castle Age
12:49 Double-Bit Axe
14:19 Wheelbarrow
16:11 Bow Saw
19:05 Gold Mining
19:39 Town Watch
20:39 Scale Barding Armor
22:03 Forging
23:46 Chain Barding Armor
25:23 Iron Casting
24:53 Husbandry
27:04 Hand Cart
28:18 Fletching
Connection lost

Rejoining the realm…

Still unreachable

The connection could not be restored.

Session expired

The server has moved on; the page needs a fresh start.